 Dungeon Sprint DCSS version 0.17-a0-1570-g74b7129 (webtiles) character file.

34083 tt080 the Shatterer (level 13, -16/100 HPs)
             Began as a Gargoyle Berserker on July 23, 2015.
             Was the Champion of Trog.
             Killed from afar by a frost giant (59 damage)
             ... with a bolt of cold
             ... in the Dungeon (Sprint IX: "|||||||||||||||||||||||||||||").
             The game lasted 00:14:23 (1720 turns).

tt080 the Shatterer (Gargoyle Berserker)            Turns: 1720, Time: 00:14:23

Health: -16/100    AC: 39    Str: 34    XL:     13   Next: 75%
Magic:  13/13      EV:  9    Int:  8    God:    Trog [******]
Gold:   930        SH:  0    Dex: 10    Spells: 0 memorised, 12 levels left

rFire  . . .     SeeInvis .     X - +11 dire flail of Keetso {crush, *Confuse +Inv rElec Str+9}
rCold  . . .     Clarity  .     I - +3 plate armour
rNeg   + . .     SustAt   .     (no shield)
rPois  ∞         Gourm    .     E - +0 helmet
rElec  +         Spirit   .     R - +1 cloak
rCorr  .         Warding  .     (no gloves)
rMut   .         NoTele   +     n - +0 pair of boots
MR     ++...                    (no amulet)
Stlth  ..........               (no ring)
                                q - +2 ring of protection

@: regenerating, very resistant to hostile enchantments, extremely unstealthy
A: negative energy resistance 1, electricity resistance, unbreathing,
petrification resistance, rot immunity, AC +9
a: Burn Spellbooks, Berserk, Trog's Hand, Brothers in Arms, Renounce Religion,
Evoke Invisibility


You were in the Dungeon.
You worshipped Trog.
Trog was exalted by your worship.
You were hungry.

You visited 1 branch You collected 1912 gold pieces.
You spent 982 gold pieces at shops.

Inventory:

Hand weapons
 a - a +0 mace
 j - a +8 halberd of protection
 m - a +2 dire flail of crushing
 x - a +2 great mace of crushing
 y - a +1 triple sword of draining
 z - a +1 antimagic battleaxe
 D - a +1 antimagic morningstar
 F - a +1 antimagic quarterstaff
 G - the +7 glaive "Utasinon" {chop, Str+4}
   (Trog gifted it to you in the Dungeon)

   It inflicts extra damage upon your enemies.
   It affects your strength (+4).
 H - a +5 antimagic great mace
 J - a +5 antimagic quick blade
 Q - a +0 triple crossbow
 S - a +4 antimagic great mace
 U - a +2 antimagic great mace
 V - a +4 antimagic morningstar
 W - a +2 great mace of protection
 X - the +11 dire flail of Keetso (weapon) {crush, *Confuse +Inv rElec Str+9}
   (Trog gifted it to you in the Dungeon)

   It inflicts extra damage upon your enemies.
   It affects your strength (+9).
   It insulates you from electricity.
   It lets you turn invisible.
   It may confuse you when you take damage.
Armour
 b - a +0 animal skin
 n - a +0 pair of boots (worn)
 o - a +0 cloak
 p - a +1 chain mail
 E - a +0 helmet (worn)
 I - a +3 plate armour (worn)
 R - a +1 cloak (worn)
 T - a +0 buckler
Jewellery
 q - a +2 ring of protection (left hand)
 r - a +3 ring of intelligence
 K - an uncursed ring of positive energy
 L - an uncursed amulet of the gourmand
 O - a +4 ring of evasion
 P - an uncursed ring of fire
Magical devices
 l - a wand of fire (7)
 C - a wand of digging (7)
Scrolls
 i - 5 scrolls of blinking
 k - 5 scrolls of remove curse
 v - 2 scrolls of fog
 w - 4 scrolls of identify
 M - a scroll of recharging
 N - a scroll of fear
Potions
 d - 5 potions of curing
 e - a potion of heal wounds
 f - 2 potions of haste
 g - 4 potions of magic
 h - 3 potions of berserk rage
 s - a potion of brilliance
 t - 5 potions of cure mutation
 u - 2 potions of resistance
Comestibles
 c - 13 bread rations
 A - 40 fruits
 B - 12 meat rations


   Skills:
 + Level 19.1 Fighting
 * Level 23.4 Maces & Flails
 + Level 18.9 Armour
 - Level 1.7 Dodging


You had 12 spell levels left.
You didn't know any spells.

Dungeon Overview and Level Annotations

Branches:
Dungeon (1/1)

Altars:
Cheibriados
Dithmenos
Elyvilon
Fedhas
Gozag
Kikubaaqudgha
Makhleb
Nemelex Xobeh
Okawaru
Qazlal
Ru
Sif Muna
Trog
Vehumet
Xom
Yredelemnul
Zin
The Shining One
Beogh
Jiyva
Lugonu

Shops:
D (**=


Innate Abilities, Weirdness & Mutations

You are resistant to torment.
Your stone body is resilient (AC +9).
You are immune to poison.
You resist negative energy.
You are resistant to electric shocks.
You can survive without breathing.
You are immune to petrification.
You are immune to rotting.


Message History

You sock the deep troll earth mage!
The deep troll earth mage is almost dead.
Unknown command.
You puncture the deep troll earth mage!
You kill the deep troll earth mage!
Trog accepts your kill.
Trog appreciates your killing of a magic user.
Unknown command.
You impale the slime creature!!
The slime creature is heavily wounded.
Unknown command.
You pound the slime creature like an anvil!!!
You kill the slime creature!
Trog accepts your kill. Something appears at your feet! Trog grants you a gift!
The frost giant gestures at you while chanting.
The bolt of cold hits you!
Ouch! That really hurt!
You die...

▓.▓.▓.▓.▓.▓.▓.▓.▓.
▓.▓.▓.▓.▓.▓.▓.▓.▓.
▓.▓.▓.▓.▓=▓.▓.▓.▓.
▓.▓.▓.▓.▓=▓.▓)▓.▓[
▓.▓.▓(▓.▓.▓.▓.▓.▓|
▓.▓.▓(▓.▓.▓.▓.▓.▓=
▓.▓.▓)▓.▓)▓.▓)▓.▓.
▓.▓.▓)▓.▓)▓.▓.▓.▓.
▓@▓.▓.▓.▓)▓.▓)▓.▓.
▓.▓.▓.▓.▓)▓.▓)▓.▓.
▓C▓.▓.▓.▓)▓.▓.▓.▓.
▓G▓.▓.▓.▓)▓.▓)▓.▓†
▓.▓.▓.▓.▓)▓.▓.▓.▓†
▓G▓.▓.▓.▓.▓.▓.▓)▓.
▓i▓.▓.▓.▓[▓.▓.▓.▓.
▓h▓.▓†▓.▓[▓.▓.▓.▓.
▓.▓.▓.▓.▓.▓.▓.▓.


You could see a frost giant, a spriggan defender, 2 great orbs of eyes and a
warg shaped shifter.

Vanquished Creatures
  A lich (D)
  Wiglaf (D)
  A ghost moth (D)
  A very ugly thing (D)
  A merfolk javelineer (D)
  A merfolk impaler (D)
  An ettin (D)
  A fire dragon (shapeshifter) (D)
  Josephine (D)
  An ice dragon (D)
  An alligator (D)
  A ghost crab (D)
  2 tengu warriors (D)
  A deep troll earth mage (D)
  An orc high priest (D)
  A naga sharpshooter (D)
  A shock serpent (D)
  A sea snake (D)
  A flayed ghost (D)
  A naga ritualist (D)
  A harpy (D)
  An ugly thing (D)
  6 orc knights (D)
  A mana viper (D)
  A hornet (D)
  A moth of wrath (D)
  A manticore (D)
  A siren (D)
  3 spiny frogs (D)
  A salamander (D)
  Psyche (D)
  2 komodo dragons (D)
  5 black mambas (D)
  A fire drake (D)
  A yaktaur (D)
  A troll (D)
  3 demonic crawlers (D)
  A tengu conjurer (D)
  A jumping spider (D)
  A merfolk (D)
  3 blink frogs (D)
  A bog body (D)
  A snapping turtle (D)
  A giant leech (D)
  2 slime creatures (D)
  A tarantella (D)
  A trapdoor spider (D)
  3 wraiths (D)
  2 yaks (D)
  Eustachio (D)
  A basilisk (D)
  Grum (D)
  3 vampire mosquitoes (D)
  4 wolves (D)
  2 porcupines (D)
  A swamp drake (D)
  2 water moccasins (D)
  20 orc warriors (D)
  An ogre (D)
  A centaur (D)
  A crocodile (D)
  4 giant frogs (D)
  A quasit (D)
  A wight (D)
  A crimson imp (D)
  2 orc priests (D)
  2 jellies (D)
  4 orc wizards (D)
  A sheep (D)
  2 river rats (D)
  2 shadow imps (D)
  An adder skeleton (D)
  7 orcs (D)
  2 hobgoblins (D)
  A quokka (D)
  A giant cockroach (D)
  A giant newt (D)
  2 goblins (D)
  A kobold (D)
  A rat (D)
145 creatures vanquished.

Vanquished Creatures (others)
  A hydra (D)
  An alligator (D)
  A spiny frog (D)
  A slime creature (D)
  A water elemental (D)
  A wasp (D)
6 creatures vanquished.

Grand Total: 151 creatures vanquished

Notes
Turn   | Place    | Note
--------------------------------------------------------------
     0 | D        | tt080 the Gargoyle Berserker began the quest for the Orb.
     0 | D        | Reached XP level 1. HP: 14/14 MP: 1/1
    17 | D        | Acquired Trog's second power
    32 | D        | Noticed an ogre
    37 | D        | Killed an ogre
    37 | D        | Reached skill level 5 in Fighting
    37 | D        | Reached skill level 6 in Maces & Flails
    37 | D        | Reached XP level 2. HP: 2/22 MP: 2/2
    37 | D        | Reached XP level 3. HP: 2/27 MP: 3/3
    37 | D        | Reached XP level 4. HP: 2/32 MP: 4/4
    42 | D        | Reached skill level 5 in Armour
    45 | D        | Acquired Trog's third power
    50 | D        | Found a glowing silver altar of Zin.
    50 | D        | Found a glowing golden altar of the Shining One.
    50 | D        | Found an ancient bone altar of Kikubaaqudgha.
    50 | D        | Found a basalt altar of Yredelemnul.
    50 | D        | Found a shimmering altar of Xom.
    50 | D        | Found a radiant altar of Vehumet.
    51 | D        | Found an iron altar of Okawaru.
    52 | D        | Found a burning altar of Makhleb.
    53 | D        | Found a deep blue altar of Sif Muna.
    54 | D        | Found a bloodstained altar of Trog.
    55 | D        | Found a sparkling altar of Nemelex Xobeh.
    56 | D        | Found a white marble altar of Elyvilon.
    57 | D        | Found a roughly hewn altar of Beogh.
    58 | D        | Found a viscous altar of Jiyva.
    59 | D        | Found a corrupted altar of Lugonu.
    60 | D        | Found a blossoming altar of Fedhas.
    61 | D        | Found a snail-covered altar of Cheibriados.
    62 | D        | Found a shadowy altar of Dithmenos.
    63 | D        | Found a stormy altar of Qazlal.
    64 | D        | Found an opulent altar of Gozag.
    65 | D        | Found a sacrificial altar of Ru.
   107 | D        | Noticed a quasit
   107 | D        | Noticed a jelly
   107 | D        | Noticed a wight
   107 | D        | Noticed a centaur
   107 | D        | Noticed an orc warrior
   110 | D        | Killed a quasit
   110 | D        | Reached skill level 7 in Maces & Flails
   110 | D        | Reached XP level 5. HP: 32/37 MP: 5/5
   119 | D        | Killed a jelly
   119 | D        | Reached skill level 8 in Maces & Flails
   123 | D        | Killed a wight
   131 | D        | Killed a centaur
   131 | D        | Reached skill level 9 in Maces & Flails
   131 | D        | Reached XP level 6. HP: 25/44 MP: 6/6
   133 | D        | Killed an orc warrior
   133 | D        | Reached skill level 10 in Maces & Flails
   140 | D        | Noticed a yak
   140 | D        | Noticed an orc wizard
   140 | D        | Noticed a troll
   140 | D        | Noticed a komodo dragon
   143 | D        | Killed a yak
   143 | D        | Reached XP level 7. HP: 36/51 MP: 7/7
   147 | D        | Killed an orc wizard
   147 | D        | Reached skill level 11 in Maces & Flails
   154 | D        | Killed a troll
   154 | D        | Received a gift from Trog
   160 | D        | Killed a komodo dragon
   160 | D        | Reached skill level 10 in Fighting
   160 | D        | Reached skill level 12 in Maces & Flails
   160 | D        | Reached XP level 8. HP: 19/57 MP: 8/8
   272 | D        | Noticed a water moccasin
   272 | D        | Noticed a water moccasin
   272 | D        | Noticed a wolf
   272 | D        | Noticed a giant frog
   272 | D        | Noticed a fire drake
   272 | D        | Noticed a spiny frog
   275 | D        | Noticed a porcupine
   275 | D        | Killed a water moccasin
   275 | D        | Reached skill level 10 in Armour
   280 | D        | Killed a water moccasin
   283 | D        | Killed a wolf
   283 | D        | Reached skill level 13 in Maces & Flails
   284 | D        | Killed a giant frog
   287 | D        | Killed a fire drake
   287 | D        | Received a gift from Trog
   287 | D        | Reached XP level 9. HP: 59/64 MP: 9/9
   288 | D        | Noticed a basilisk
   293 | D        | Killed a spiny frog
   293 | D        | Reached skill level 14 in Maces & Flails
   297 | D        | Killed a porcupine
   302 | D        | Killed a basilisk
   313 | D        | Noticed a black mamba
   313 | D        | Noticed a crocodile
   313 | D        | Noticed a yak
   313 | D        | Noticed a giant frog
   316 | D        | Noticed a porcupine
   320 | D        | Killed a black mamba
   323 | D        | Received a gift from Trog
   329 | D        | Noticed a blink frog
   330 | D        | Noticed a giant frog
   330 | D        | Killed a crocodile
   331 | D        | Killed a yak
   331 | D        | Reached skill level 15 in Maces & Flails
   333 | D        | Killed a giant frog
   338 | D        | Killed a porcupine
   342 | D        | Killed a giant frog
   342 | D        | Received a gift from Trog
   345 | D        | Killed a blink frog
   360 | D        | Noticed a giant leech
   360 | D        | Noticed a blink frog
   360 | D        | Noticed a vampire mosquito
   360 | D        | Noticed a vampire mosquito
   360 | D        | Noticed a spiny frog
   360 | D        | Noticed a blink frog
   362 | D        | Noticed a spiny frog
   364 | D        | Noticed a vampire mosquito
   365 | D        | Killed a blink frog
   365 | D        | Reached XP level 10. HP: 48/72 MP: 10/10
   389 | D        | Killed a giant leech
   392 | D        | Killed a blink frog
   393 | D        | Killed a vampire mosquito
   394 | D        | Killed a vampire mosquito
   394 | D        | Reached skill level 16 in Maces & Flails
   397 | D        | Killed a spiny frog
   401 | D        | Killed a spiny frog
   401 | D        | Received a gift from Trog
   403 | D        | Killed a vampire mosquito
   455 | D        | Noticed Eustachio
   480 | D        | Killed Eustachio
   533 | D        | Noticed a wraith
   534 | D        | Noticed a wraith
   535 | D        | Noticed a wraith
   536 | D        | Noticed Josephine
   539 | D        | Killed a wraith
   543 | D        | Killed a wraith
   545 | D        | Killed a wraith
   551 | D        | Killed Josephine
   551 | D        | Reached skill level 17 in Maces & Flails
   576 | D        | Noticed a wolf
   577 | D        | Noticed Grum
   578 | D        | Killed a wolf
   580 | D        | Noticed a wolf
   581 | D        | Noticed a wolf
   584 | D        | Killed Grum
   586 | D        | Killed a wolf
   586 | D        | Received a gift from Trog
   595 | D        | Killed a wolf
   595 | D        | Reached XP level 11. HP: 61/80 MP: 11/11
   634 | D        | Noticed an orc priest
   634 | D        | Noticed an ettin
   634 | D        | Noticed an orc priest
   636 | D        | Noticed an orc wizard
   639 | D        | Noticed an orc wizard
   659 | D        | Killed an ettin
   664 | D        | Killed an orc priest
   666 | D        | Killed an orc priest
   666 | D        | Received a gift from Trog
   667 | D        | Killed an orc wizard
   671 | D        | Killed an orc wizard
   683 | D        | Got an iridescent glaive {god gift}
   684 | D        | Identified the +7 glaive "Utasinon" {chop, Str+4} (Trog gifted it to you in the Dungeon)
   710 | D        | Noticed an orc warrior
   715 | D        | Killed an orc warrior
   715 | D        | Received a gift from Trog
   719 | D        | Noticed an orc wizard
   728 | D        | Killed an orc wizard
   754 | D        | Noticed an orc high priest
   754 | D        | Noticed an orc warrior
   754 | D        | Noticed an orc warrior
   754 | D        | Noticed an orc warrior
   754 | D        | Noticed an orc warrior
   754 | D        | Noticed an orc warrior
   757 | D        | Killed an orc high priest
   757 | D        | Reached skill level 18 in Maces & Flails
   758 | D        | Noticed an orc warrior
   764 | D        | Noticed an orc warrior
   766 | D        | Killed an orc warrior
   767 | D        | Noticed an orc warrior
   771 | D        | Killed an orc warrior
   772 | D        | Noticed an orc warrior
   775 | D        | Killed an orc warrior
   779 | D        | Noticed an orc warrior
   779 | D        | Killed an orc warrior
   779 | D        | Received a gift from Trog
   781 | D        | Noticed an orc warrior
   784 | D        | Killed an orc warrior
   794 | D        | Killed an orc warrior
   800 | D        | Killed an orc warrior
   803 | D        | Killed an orc warrior
   806 | D        | Killed an orc warrior
   810 | D        | Killed an orc warrior
   814 | D        | Killed an orc warrior
   814 | D        | Received a gift from Trog
   864 | D        | Found Nyeprit's Weapon Emporium.
   864 | D        | Noticed an orc warrior
   864 | D        | Noticed an orc warrior
   864 | D        | Noticed an orc warrior
   864 | D        | Noticed an orc warrior
   864 | D        | Noticed an orc knight
   866 | D        | Killed an orc warrior
   868 | D        | Killed an orc warrior
   868 | D        | Received a gift from Trog
   868 | D        | Reached skill level 15 in Fighting
   870 | D        | Noticed an orc warrior
   876 | D        | Noticed an orc knight
   877 | D        | Killed an orc knight
   879 | D        | Killed an orc warrior
   884 | D        | Killed an orc warrior
   892 | D        | Killed an orc knight
   892 | D        | Reached skill level 15 in Armour
   897 | D        | Killed an orc warrior
   898 | D        | Found Liannof's Assorted Antiques.
   902 | D        | Found Leijir's General Store.
   904 | D        | Noticed an orc warrior
   905 | D        | Found Xeumpops's Jewellery Shoppe.
   906 | D        | Noticed an orc knight
   907 | D        | Noticed an orc knight
   908 | D        | Noticed an orc knight
   910 | D        | Killed an orc warrior
   911 | D        | Noticed an orc knight
   913 | D        | Noticed an orc warrior
   917 | D        | Killed an orc knight
   917 | D        | Reached skill level 19 in Maces & Flails
   925 | D        | Killed an orc knight
   930 | D        | Killed an orc knight
   930 | D        | Received a gift from Trog
   936 | D        | Killed an orc knight
   940 | D        | Killed an orc warrior
   984 | D        | Bought an uncursed ring of positive energy for 200 gold pieces
   984 | D        | Bought an uncursed amulet of the gourmand for 300 gold pieces
   986 | D        | Bought a scroll of recharging for 95 gold pieces
   986 | D        | Bought a scroll of fear for 35 gold pieces
   986 | D        | Bought a potion of haste for 100 gold pieces
   988 | D        | Bought a potion of resistance for 210 gold pieces
   988 | D        | Bought a scroll of identify for 42 gold pieces
  1034 | D        | Noticed Psyche
  1041 | D        | Killed Psyche
  1150 | D        | Noticed a giant frog
  1150 | D        | Noticed a komodo dragon
  1150 | D        | Noticed a crimson imp
  1150 | D        | Noticed a white ugly thing
  1150 | D        | Noticed a tengu conjurer
  1150 | D        | Noticed an entropy weaver
  1150 | D        | a griffon changed into an entropy weaver
  1152 | D        | Killed a giant frog
  1152 | D        | Noticed an ice dragon
  1152 | D        | an entropy weaver changed into an ice dragon
  1155 | D        | Killed a komodo dragon
  1155 | D        | Reached XP level 12. HP: 88/88 MP: 12/12
  1157 | D        | Killed a crimson imp
  1159 | D        | Killed a white ugly thing
  1159 | D        | Received a gift from Trog
  1159 | D        | Noticed a fire dragon
  1159 | D        | an ice dragon changed into a fire dragon
  1161 | D        | Noticed a jelly
  1165 | D        | Killed a tengu conjurer
  1168 | D        | Noticed a yaktaur
  1169 | D        | Killed a fire dragon
  1169 | D        | Reached skill level 20 in Maces & Flails
  1173 | D        | Noticed a tengu warrior
  1176 | D        | Killed a jelly
  1182 | D        | Killed a yaktaur
  1182 | D        | Received a gift from Trog
  1191 | D        | Killed a tengu warrior
  1199 | D        | Noticed a lich
  1200 | D        | Noticed a flayed ghost
  1201 | D        | Noticed a tengu warrior
  1202 | D        | Noticed a slime creature
  1208 | D        | Noticed an ice dragon
  1214 | D        | Killed a lich
  1223 | D        | Killed a flayed ghost
  1234 | D        | Killed a tengu warrior
  1237 | D        | Killed a slime creature
  1237 | D        | Reached skill level 21 in Maces & Flails
  1246 | D        | Killed an ice dragon
  1353 | D        | Noticed a naga sharpshooter
  1353 | D        | Noticed a black mamba
  1353 | D        | Noticed a shock serpent
  1353 | D        | Noticed a naga ritualist
  1353 | D        | Noticed a salamander
  1353 | D        | Noticed a black mamba
  1354 | D        | Noticed a mana viper
  1360 | D        | Killed a naga sharpshooter
  1360 | D        | Received a gift from Trog
  1366 | D        | Noticed a black mamba
  1366 | D        | Killed a shock serpent
  1369 | D        | Killed a black mamba
  1371 | D        | Noticed a black mamba
  1375 | D        | Killed a naga ritualist
  1381 | D        | Killed a salamander
  1384 | D        | Killed a mana viper
  1387 | D        | Killed a black mamba
  1387 | D        | Reached XP level 13. HP: 48/96 MP: 0/13
  1391 | D        | Killed a black mamba
  1396 | D        | Killed a black mamba
  1415 | D        | Noticed a demonic crawler
  1415 | D        | Noticed a demonic crawler
  1415 | D        | Noticed a tarantella
  1415 | D        | Noticed a moth of wrath
  1415 | D        | Noticed a trapdoor spider
  1423 | D        | Killed a demonic crawler
  1433 | D        | Noticed a demonic crawler
  1439 | D        | Killed a ghost moth
  1439 | D        | Received a gift from Trog
  1439 | D        | Reached skill level 22 in Maces & Flails
  1441 | D        | Noticed a jumping spider
  1443 | D        | Killed a demonic crawler
  1445 | D        | Killed a tarantella
  1449 | D        | Killed a moth of wrath
  1452 | D        | Killed a demonic crawler
  1454 | D        | Noticed a hornet
  1457 | D        | Killed a trapdoor spider
  1458 | D        | Killed a jumping spider
  1466 | D        | Killed a hornet
  1466 | D        | Received a gift from Trog
  1481 | D        | Noticed a bog body
  1481 | D        | Noticed an alligator
  1481 | D        | Noticed a wasp
  1481 | D        | Noticed a ghost crab
  1481 | D        | Noticed an alligator
  1481 | D        | Noticed a slime creature
  1485 | D        | Killed a wasp
  1485 | D        | Killed a spiny frog
  1486 | D        | Killed an alligator
  1487 | D        | Noticed a five-headed hydra
  1487 | D        | Killed a five-headed hydra
  1488 | D        | Killed a bog body
  1489 | D        | Noticed a swamp drake
  1489 | D        | Killed a slime creature
  1489 | D        | Killed an alligator
  1497 | D        | Killed a ghost crab
  1500 | D        | Killed a swamp drake
  1508 | D        | Noticed a merfolk
  1508 | D        | Noticed a harpy
  1508 | D        | Noticed a merfolk javelineer
  1508 | D        | Noticed a sea snake
  1508 | D        | Noticed a merfolk impaler
  1508 | D        | Noticed a siren
  1509 | D        | Noticed a water elemental
  1515 | D        | Killed a merfolk
  1518 | D        | Killed a harpy
  1518 | D        | Received a gift from Trog
  1519 | D        | Noticed a manticore
  1520 | D        | Noticed a snapping turtle
  1530 | D        | Killed a merfolk javelineer
  1532 | D        | Killed a sea snake
  1545 | D        | Killed a merfolk impaler
  1550 | D        | Killed a siren
  1550 | D        | Received a gift from Trog
  1553 | D        | Killed a water elemental
  1560 | D        | Killed a manticore
  1560 | D        | Reached skill level 23 in Maces & Flails
  1566 | D        | Killed a snapping turtle
  1575 | D        | Got a crystal dire flail {god gift}
  1577 | D        | Identified the +11 dire flail of Keetso {crush, *Confuse +Inv rElec Str+9} (Trog gifted it to you in the Dungeon)
  1635 | D        | Noticed Wiglaf
  1650 | D        | Killed Wiglaf
  1704 | D        | Noticed a deep troll earth mage
  1704 | D        | Noticed a white very ugly thing
  1704 | D        | Noticed a slime creature
  1704 | D        | Noticed a frost giant
  1704 | D        | Noticed a great orb of eyes
  1704 | D        | Noticed a harpy
  1705 | D        | Noticed a great orb of eyes
  1710 | D        | a harpy changed into a sky beast
  1711 | D        | Killed a white very ugly thing
  1712 | D        | Noticed a spriggan defender
  1718 | D        | Killed a deep troll earth mage
  1720 | D        | Killed a slime creature
  1720 | D        | Received a gift from Trog
  1720 | D        | Killed from afar by a frost giant

Vault maps used:
D:        linesprint

Action                   |  1- 3 |  4- 6 |  7- 9 | 10-12 | 13-15 || total
-------------------------+-------+-------+-------+-------+-------++-------
Melee: Mace              |    25 |     6 |       |       |       ||    31
       Dire flail        |       |    26 |    31 |       |    25 ||    82
       Great mace        |       |       |    46 |   322 |   122 ||   490
Invok: Berserk           |     1 |       |     1 |     3 |       ||     5
       Trog's Hand       |       |     3 |     2 |    11 |     6 ||    22
  Use: Potion            |       |       |       |     3 |     2 ||     5
 Stab: Invisible         |       |       |       |       |     7 ||     7
       Confused          |       |       |       |       |     3 ||     3
  Eat: Chunk             |       |       |     1 |     7 |     3 ||    11
       Beef jerky        |       |       |       |     1 |       ||     1
